 Dungeon Crawl Stone Soup version 0.17-a0-1945-gfe993df (webtiles) character file.

78 achirane the Insei (level 4, 0/23 HPs)
             Began as a Vine Stalker Monk on Sept 30, 2015.
             Slain by a centaur (2 damage)
             ... on level 5 of the Dungeon.
             The game lasted 00:08:25 (1320 turns).

achirane the Insei (Vine Stalker Monk)              Turns: 1320, Time: 00:08:25

Health: 0/23       AC:  4    Str: 14    XL:     4   Next: 36%
Magic:  0/5        EV: 13    Int: 10    God:
Gold:   61         SH:  0    Dex: 17    Spells: 0 memorised, 3 levels left

rFire  . . .     SeeInvis .     i - +0 dagger (curse)
rCold  . . .     Clarity  .     a - +0 robe
rNeg   . . .     SustAt   .     (no shield)
rPois  .         Gourm    .     (no helmet)
rElec  .         Spirit   +     (no cloak)
rCorr  .         Warding  .     m - +1 pair of gloves
rMut   .         Stasis   .     (no boots)
MR     .....                    (no amulet)
Stlth  ++........               (no ring)
                                f - ring of flight {+Fly, !d}

@: about to teleport, not resistant to hostile enchantments, unstealthy
A: fangs 2, regeneration 1, magic shield, antimagic bite, no device heal 3, rot
immunity
a: Evoke Flight


You were on level 5 of the Dungeon.
You were not hungry.

You visited 1 branch of the dungeon, and saw 5 of its levels.

You collected 61 gold pieces.

Inventory:

Hand weapons
 i - a cursed +0 dagger (weapon)
   (You took it off a goblin on level 1 of the Dungeon)
Missiles
 j - 10 sling bullets of flame
 k - 47 stones (quivered)
Armour
 a - a +0 robe (worn)
 m - a +1 pair of gloves (worn)
   (You found it on level 2 of the Dungeon)
Jewellery
 f - a ring of flight (left hand) {+Fly, !d}
   (You found it on level 4 of the Dungeon)
Scrolls
 c - a scroll of recharging
Potions
 d - 2 potions of might {unknown}
 l - 2 potions of agility
Comestibles
 b - 4 bread rations {@e1}
 h - 2 meat rations {@e2}


   Skills:
 - Level 2.6 Fighting
 - Level 2.4 Dodging
 - Level 2.4 Stealth
 + Level 5.7 Unarmed Combat


You had 3 spell levels left.
You didn't know any spells.

Dungeon Overview and Level Annotations

Branches:
Dungeon (5/15)
 Temple: D:4-7

Altars:

Annotations:
D:4 exclusion: worker ant


Innate Abilities, Weirdness & Mutations

You have extremely sharp teeth.
Your natural rate of healing is unusually fast.
When hurt, damage is shared between your health and your magic reserves.
Your bite disrupts and absorbs the magic of your enemies.
Potions and wands cannot restore your health.
You are immune to rotting.


Message History

There is a stone staircase leading up here.
You climb upwards.
An adder comes into view.
The adder moves out of view.
There is a stone staircase leading down here.
You climb downwards.
Level annotation: exclusion: worker ant
There is a stone staircase leading up here.
A giant cockroach comes into view.
You barely miss the giant cockroach. Your bite misses the giant cockroach.
The giant cockroach bites you but does no damage.
You hit the giant cockroach.
You bite the giant cockroach, but do no damage.
The giant cockroach is moderately wounded.
The giant cockroach barely misses you.
You hit the giant cockroach. You bite the giant cockroach. You drain its power.
The giant cockroach is severely wounded.
The giant cockroach bites you but does no damage.
You hit the giant cockroach but do no damage.
The giant cockroach is severely wounded.
The giant cockroach completely misses you.
You hit the giant cockroach.
You kill the giant cockroach!
Read which item? (? for menu, Esc to quit)
Okay, then.
You see here a dagger.
There is an open door here.
A ball python comes into view.
Read which item? (? for menu, Esc to quit)
Identify which item? (\ to view known items) (? for menu, Esc to quit)
As you read the scroll of identify, it crumbles to dust.
l - 2 potions of agility The ball python closely misses you.
The ball python misses you.
You hit the ball python.
The ball python is almost dead.
The ball python bites you but does no damage.
The ball python barely misses you.
You barely miss the ball python.
The ball python is almost dead.
The ball python bites you but does no damage.
The ball python grabs you. The ball python constricts you.
You take 1 damage, and have 22/23 hp.
You hit the ball python.
You kill the ball python!
HP restored.
An adder comes into view.
Health restored: 23
f - a knobbly granite ring
h - 2 meat rations {@e2} (gained 1) Put on which piece of jewellery? (? for menu, Esc to quit)
f - a ring of flight (left hand)
The adder bites you but does no damage. The adder misses you.
You hit the adder.
The adder is lightly wounded.
The adder misses you.
You hit the adder but do no damage.
The adder is lightly wounded.
The adder bites you but does no damage.
You hit the adder. You punch the adder.
You kill the adder!
Found a stone staircase leading down.
You open the door.
An orc comes into view. It is wielding an enchanted flail.
There is an open door here.
Press: ? - help, v - describe, . - travel
Here: an orc, wielding an enchanted flail and wearing a chain mail (resting)
The floor.
Unknown command.
There is a stone staircase leading down here.
You climb downwards.
A centaur comes into view.
There is a stone staircase leading up here.
The centaur shouts!
The centaur hits you! The centaur hits you.
A giant gecko comes into view.
You take 11 damage, and have 12/23 hp.
MASSIVE DAMAGE!!
You now have 2/5 mp.
You hit the centaur but do no damage. You bite the centaur.
You drain its power.
You feel invigorated.
The centaur is lightly wounded.
The centaur hits you but does no damage.
You regained 2 mp, and now have 4/5 mp.
You hit the centaur but do no damage. You bite the centaur.
You drain its power.
You feel invigorated.
The centaur is moderately wounded.
The centaur hits you! The centaur closely misses you.
You take 5 damage, and have 7/23 hp.
MASSIVE DAMAGE!!
You now have 3/5 mp.
You hit the centaur but do no damage. You bite the centaur.
You drain its power.
You feel invigorated.
The centaur is moderately wounded.
The centaur closely misses you.
Read which item? (? for menu, Esc to quit)
As you read the scroll of teleportation, it crumbles to dust.
You feel strangely unstable. The centaur hits you!
* * * LOW HITPOINT WARNING * * *
The centaur misses you.
You take 5 damage, and have 2/23 hp.
MASSIVE DAMAGE!!
You now have 1/5 mp.
You hit the centaur but do no damage.
The centaur is moderately wounded.
The centaur hits you.
You die...

...........
.###.........#
.............#
.............#
...........##
####...........
......c........
####...@l..#
.......<...+
.######....#
#......#
#........
###......
...... ......
......


You could see a centaur and a giant gecko.

Vanquished Creatures
  A worker ant (D:4)
  2 adders
  An ooze (D:3)
  2 giant geckos
  An orc (D:3)
  A ball python (D:4)
  3 bats
  A giant cockroach (D:4)
  4 goblins
  4 kobolds
  A quokka (D:3)
  2 giant newts (D:1)
  2 jackals (D:2)
  4 rats
29 creatures vanquished.

Notes
Turn   | Place    | Note
--------------------------------------------------------------
     0 | D:1      | achirane the Vine Stalker Monk began the quest for the Orb.
     0 | D:1      | Reached XP level 1. HP: 11/11 MP: 2/2
   189 | D:1      | Reached XP level 2. HP: 14/16 MP: 3/3
   483 | D:3      | Reached XP level 3. HP: 19/19 MP: 4/4
   535 | D:3      | Reached skill level 5 in Unarmed Combat
   922 | D:5      | Entered Level 5 of the Dungeon
  1001 | D:4      | Reached XP level 4. HP: 8/23 MP: 5/5
  1314 | D:5      | Noticed a centaur
  1319 | D:5      | HP: 2/23 [centaur (6)]
  1320 | D:5      | Slain by a centaur

Vault maps used:
D:1:      eino_arrival_cavern_b
D:2:      tgw_xom, uniq_sigmund
D:3:      first_bread
D:4:      uniq_natasha
D:5:      grunt_temple_overflow_diamond, serial_shops, nicolae_shop_behind_doors

Action                   |  1- 3 |  4- 6 || total
-------------------------+-------+-------++-------
Melee: Unarmed           |    54 |       ||    54
       Dagger            |    16 |    15 ||    31
Throw: Stone             |     1 |       ||     1
  Use: Scroll            |     5 |     2 ||     7
 Stab: Sleeping          |     6 |       ||     6
  Eat: Chunk             |       |     1 ||     1

Vault maps used:
D:1:      eino_arrival_cavern_b
D:2:      tgw_xom, uniq_sigmund
D:3:      first_bread
D:4:      uniq_natasha
D:5:      grunt_temple_overflow_diamond, serial_shops, nicolae_shop_behind_doors

Table legend:
 A = Turns spent in this place as a percentage of turns spent in the entire game.
 B = Non-inter-level travel turns spent in this place as a percentage of non-inter-level travel turns spent in the entire game.
 C = Inter-level travel turns spent in this place as a percentage of turns spent in this place.
 D = Turns resting spent in this place as a percentage of non-inter-level travel turns spent in this place.
 E = Turns spent auto-exploring this place as a percentage of non-inter-level travel turns spent in this place.
 F = Non-inter-level travel turns spent in this place divided by the number of levels of this place that you've seen.
                   A       B       C       D       E      F
               +-------+-------+-------+-------+-------+----------------------
         Total | 100.0 | 100.0 |   0.0 |   0.0 |   3.8 | 119.8
       Dungeon | 100.0 | 100.0 |   0.0 |   0.0 |   3.8 | 119.8
               +-------+-------+-------+-------+-------+----------------------

Table legend:
 A = Kills in this place as a percentage of kills in entire the game.
 B = Kills by you in this place as a percentage of kills by you in the entire game.
 C = Kills by friends in this place as a percentage of kills by friends in the entire game.
 D = Other kills in this place as a percentage of other kills in the entire game.
 E = Experience gained in this place as a percentage of experience gained in the entire game.
 F = Experience gained in this place divided by the number of levels of this place that you have seen.
                   A       B       C       D       E      F
               +-------+-------+-------+-------+-------+----------------------
         Total | 100.0 | 100.0 |  -nan |  -nan | 100.0 |  22.4
       Dungeon | 100.0 | 100.0 |  -nan |  -nan | 100.0 |  22.4
               +-------+-------+-------+-------+-------+----------------------
